 Dungeon Crawl Stone Soup version 0.28-a0-1159-g27aa881441 (webtiles) character file.

Game seed: 7928427610874404404

264 Fortus the Chopper (level 5, -6/38 HPs)
             Began as a Demonspawn Warper on Dec 15, 2021.
             Mangled by an iguana (13 damage)
             ... on level 5 of the Dungeon.
             The game lasted 00:12:22 (6899 turns).

Fortus the Chopper (Demonspawn Warper)              Turns: 6899, Time: 00:12:23

Health: -6/38      AC:  5    Str: 20    XL:     5   Next: 98%
Magic:  8/8        EV: 11    Int: 14    God:
Gold:   144        SH:  0    Dex: 12    Spells: 6/8 levels left

rFire   . . .      SeeInvis .   a - +0 hand axe
rCold   . . .      Faith    .   (no shield)
rNeg    . . .      Spirit   .   l - +0 ring mail
rPois   .          Reflect  .   (no helmet)
rElec   .          Harm     .   (no cloak)
rCorr   .          Rampage  .   (no gloves)
Will    .....                   (no boots)
Stlth   +.........              (no amulet)
HPRegen 0.12/turn               g - +6 ring of strength
MPRegen 0.11/turn               (no ring)

@: no status effects
A: claws 1, demonic magic 2
a: no special abilities


You were on level 5 of the Dungeon.
You visited 1 branch of the dungeon, and saw 5 of its levels.

You collected 144 gold pieces.

Inventory:

Hand Weapons
 a - a +0 hand axe (weapon)
Missiles
 d - 5 boomerangs of dispersal (quivered)
Armour
 b - a +0 leather armour
 l - a +0 ring mail (worn)
Jewellery
 g - a +6 ring of strength (left claw)
 q - an amulet of faith
Wands
 n - a wand of iceblast (5)
Scrolls
 c - a scroll of blinking
 f - 3 scrolls of identify {unknown}
 h - a scroll of immolation {unknown}
 i - 2 scrolls of summoning {unknown}
 j - a scroll of fog {unknown}
 m - a scroll of fear {unknown}
 p - 2 scrolls of brand weapon {unknown}
 t - a scroll of teleportation {unknown}
Potions
 e - a potion of brilliance {unknown}
 k - 2 potions of attraction {unknown}
 o - a potion of might {unknown}
 r - a potion of mutation {unknown}
 s - a potion of heal wounds {unknown}


   Skills:
 - Level 2.0 Fighting
 * Level 5.2 Axes
 - Level 0.8 Throwing
 - Level 0.8 Armour
 - Level 1.7 Dodging
 - Level 2.0 Spellcasting
 + Level 3.5 Translocations


You had 6 spell levels left.
You knew the following spells:

 Your Spells              Type           Power      Damage    Failure   Level
a - Blink                 Tloc           22%        N/A       14%         2

Your spell library contained the following spells:

 Spells                   Type           Power      Damage    Failure   Level
 Gell's Gravitas          Tloc           11%        N/A       28%         3
 Lesser Beckoning         Tloc           11%        N/A       28%         3
 Teleport Other           Tloc           11%        N/A       28%         3
 Ensorcelled Hibernation  Hex/Ice        2%         N/A       52%         2
 Spider Form              Tmut/Pois      1%         N/A       75%         3
 Summon Guardian Golem    Hex/Summ       1%         N/A       75%         3
 Manifold Assault         Tloc           11%        N/A       95%         5
 Orb of Destruction       Conj           0%         N/A       100%        7
 Spellforged Servitor     Conj/Summ      0%         N/A       100%        7


Dungeon Overview and Level Annotations

Branches:
Dungeon (5/15)
 Temple: D:4-7

Altars:

Shops:
D:3 [


Innate Abilities, Weirdness & Mutations

You have sharp fingernails.
Spells you cast may paralyse nearby enemies.


Message History

The bullfrog skeleton is severely damaged.
The bullfrog skeleton hits you.
You slash the bullfrog skeleton!
The bullfrog skeleton is almost destroyed.
The bullfrog skeleton misses you. The bullfrog skeleton hits you.
You hit the bullfrog skeleton.
The bullfrog skeleton is almost destroyed.
The bullfrog skeleton barely misses you.
You slash the bullfrog skeleton!
You destroy the bullfrog skeleton!
No target in view!
You now have 144 gold pieces (gained 17).
An ufetubus comes into view.
The ufetubus shouts!
You hear an angry hiss.
An iguana comes into view.
There are monsters nearby!
The ufetubus closely misses you. x2
The ufetubus closely misses you.
The ufetubus hits you but does no damage.
You slash the ufetubus!
You kill the ufetubus!
You barely miss the iguana. The iguana closely misses you.
You hit the iguana.
The iguana is lightly wounded.
The iguana bites you!
You hit the iguana.
The iguana is moderately wounded.
The iguana bites you! x2
* * * LOW HITPOINT WARNING * * *
You hit the iguana.
The iguana is moderately wounded.
The iguana barely misses you.
You closely miss the iguana.
The iguana is moderately wounded.
The iguana bites you.
* * * LOW HITPOINT WARNING * * *
You hit the iguana.
The iguana is heavily wounded.
The iguana bites you!
You die...

.... .... ... #..
#.## #########..##
##.......#...#
#.###........l@..#
#.....###...###..#
#..##.# #...# #..#
#. #.###...###..#
#5.........)##
#................)#
.5....#...........#
........###...###.#
........# #...#
#.#######


You could see an iguana.

Vanquished Creatures
  A lemure (D:4)
  A water moccasin skeleton (D:5)
  A bullfrog skeleton (D:5)
  A hound (D:4)
  6 gnolls
  3 adders
  An ufetubus (D:5)
  A worm (D:4)
  An adder skeleton (D:4)
  A dart slug (D:1)
  4 orcs (D:3)
  4 bats
  5 endoplasms
  3 giant cockroaches
  4 goblins
  3 hobgoblins
  3 jackals (D:2)
  A quokka (D:1)
  3 ball pythons
  4 frilled lizards
  10 kobolds
  2 rats (D:1)
63 creatures vanquished.

Vanquished Creatures (others)
  20 plants (D:2)
20 creatures vanquished.

Grand Total: 83 creatures vanquished

Notes
Turn   | Place    | Note
-------+----------+-------------------------------------------
     0 | D:1      | Fortus the Demonspawn Warper began the quest for the Orb.
     0 | D:1      | Reached XP level 1. HP: 16/16 MP: 3/3
    19 | D:1      | Reached skill level 2 in Axes
   268 | D:1      | Gained mutation: Spells you cast may paralyse adjacent
                  | enemies. [demonic ancestry]
   268 | D:1      | Reached XP level 2. HP: 22/22 MP: 5/5
   977 | D:2      | Reached skill level 3 in Axes
  1208 | D:2      | Found a faded altar of an unknown god.
  1380 | D:2      | Reached XP level 3. HP: 9/27 MP: 6/6
  2627 | D:2      | Reached skill level 4 in Axes
  2627 | D:2      | Gained mutation: Spells you cast may paralyse nearby
                  | enemies. [demonic ancestry]
  2627 | D:2      | Reached XP level 4. HP: 5/33 MP: 7/7
  2878 | D:2      | Learned a level 2 spell: Blink
  2933 | D:2      | HP: 1/33 [gnoll (5)]
  4305 | D:3      | Found Lurotsif's Armour Shoppe.
  5207 | D:4      | Gained mutation: You have sharp fingernails. [demonic
                  | ancestry]
  5207 | D:4      | Reached XP level 5. HP: 38/38 MP: 8/8
  5492 | D:4      | Noticed a necrophage
  5811 | D:4      | Noticed a lemure
  5811 | D:4      | Noticed a lemure
  5838 | D:4      | Killed a lemure
  6135 | D:5      | Entered Level 5 of the Dungeon
  6350 | D:5      | Reached skill level 5 in Axes
  6899 | D:5      | Mangled by an iguana

Illustrated notes

Levels and vault maps discovered:
D:1:      psy_arrival_dodecagon, layout_loops_cross
D:2:      layout_loops_corners, nicolae_ecumenical_lake_church, serial_bayou,
          serial_bayou_pond_d, serial_bayou_lagoon_b, serial_bayou_shore_b,
          serial_bayou_ford_a, minmay_between
D:3:      layout_loops_ring, serial_shops, shop
D:4:      layout_loops_ring, uniq_pikel
D:5:      layout_basic, ebering_ghost_reflecting_pool, minmay_misc_feat_cross

Skill      XL: |  1  2  3  4  5 |
---------------+----------------+-----
Axes           | 2 3 4 5 |  5.2
Translocations | 3 |  3.5
Fighting       | |  2.0
Throwing       | |  0.8
Armour         | |  0.8
Dodging        | |  1.7
Spellcasting   | |  2.0

Action                   |  1- 3 |  4- 6 || total
-------------------------+-------+-------++-------
Melee: Hand axe          |   111 |   185 ||   296
 Cast: Blink             |       |     4 ||     4
 Stab: Sleeping          |     1 |       ||     1
       Paralysed         |       |     3 ||     3
Armor: Leather armour    |    39 |     5 ||    44
       Ring mail         |       |    56 ||    56
Dodge: Dodged            |    74 |    98 ||   172

Table legend: (Time is in decaauts)
 A = Elapsed time spent in this place.
 B = Non-inter-level travel time spent in this place.
 C = Inter-level travel time spent in this place.
 D = Time resting spent in this place.
 E = Time spent auto-exploring this place.
 F = Levels seen in this place.
 G = Mean time per level.
                   A        B        C        D        E       F      G
               +--------+--------+--------+--------+--------+-----+--------+
         Total |   6970 |   6700 |    270 |   2318 |   3294 |   5 | 1394.0 |
       Dungeon |   6970 |   6700 |    270 |   2318 |   3294 |   5 | 1394.0 |
               +--------+--------+--------+--------+--------+-----+--------+

Top non-repeatable levels by time:
     D:2: 2249 daAuts
     D:1: 1655 daAuts
     D:4: 1316 daAuts
     D:3: 983 daAuts
     D:5: 766 daAuts
